 Dungeon Crawl Stone Soup version 0.17.1-3-g152610e (webtiles) character file.

702 Heskey the Covert (level 7, 0/33 HPs)
             Began as a Spriggan Assassin on Apr 5, 2016.
             Was a Follower of Okawaru.
             Slain by an ice beast (14 damage)
             ... on level 5 of the Dungeon.
             The game lasted 00:09:30 (5981 turns).

Heskey the Covert (Spriggan Assassin)               Turns: 5981, Time: 00:09:30

Health: 0/33       AC:  5    Str:  7    XL:     7   Next: 38%
Magic:  8/8        EV: 22    Int: 15    God:    Okawaru [*.....]
Gold:   236        SH:  0    Dex: 21    Spells: 0 memorised, 6 levels left

rFire  . . .     SeeInvis +     a - +2 dagger
rCold  . . .     Clarity  .     c - +0 robe
rNeg   . . .     SustAt   .     (shield restricted)
rPois  .         Gourm    .     (helmet restricted)
rElec  .         Spirit   .     d - +0 cloak
rCorr  .         Warding  .     (gloves unavailable)
rMut   .         Stasis   .     (boots unavailable)
MR     +....                    (no amulet)
Stlth  +++++.....               (no ring)
                                (no ring)

@: very quick, somewhat resistant to hostile enchantments, quite stealthy
A: unfitting armour, slimy green scales 1, see invisible, agile 1, clever 1,
herbivore 3, speed 3, frail 1, screaming 1, slow metabolism 2, MP-powered wands
a: Heroism, Renounce Religion


You were on level 5 of the Dungeon.
You worshipped Okawaru.
Okawaru was aware of your devotion.
You were hungry.

You visited 1 branch of the dungeon, and saw 5 of its levels.

You collected 236 gold pieces.

Inventory:

Hand Weapons
 a - a +2 dagger (weapon)
 b - a +0 blowgun
Missiles
 e - 8 poisoned needles
 f - 2 curare-tipped needles
Armour
 c - a +0 robe (worn)
 d - a +0 cloak (worn)
Jewellery
 m - an uncursed ring of protection from cold {unknown}
Wands
 p - a wand of slowing (29)
Scrolls
 h - 4 scrolls of identify {unknown}
 i - 3 scrolls of enchant weapon {unknown}
 l - 3 scrolls of teleportation {unknown}
 n - a scroll of magic mapping {unknown}
 o - 2 scrolls of enchant armour {unknown}
 q - 2 scrolls of remove curse {unknown}
 r - 2 scrolls of noise {unknown}
Potions
 k - a potion of flight {unknown}
 s - a potion of poison {unknown}
 t - a potion of cure mutation {unknown}
Comestibles
 g - 3 bread rations
 j - 3 royal jellies


   Skills:
 + Level 3.7 Fighting
 + Level 4.8 Short Blades
 - Level 2.0 Throwing
 + Level 5.7 Dodging
 + Level 8.8 Stealth


You had 6 spell levels left.
You didn't know any spells.

Dungeon Overview and Level Annotations

Branches:
Dungeon (5/15)
 Temple: D:4-7

Altars:
Ashenzari
Dithmenos
Okawaru
Ru
Yredelemnul

Annotations:
D:3 Heskey's ghost, amateur MfGl


Innate Abilities, Weirdness & Mutations

You are tiny and cannot use many weapons and most armour.
You have supernaturally acute eyesight.
You are a herbivore.
You cover ground extremely quickly.
You need consume almost no food.
You are partially covered in slimy green scales (AC +2).
You are agile. (Dex +2)
Your mind is acute. (Int +2)
You are frail (-10% HP).
You occasionally shout uncontrollably at your foes.
You expend magic power (3 MP) to strengthen your wands.


Message History

You closely miss the ice beast.
The ice beast is moderately wounded.
The ice beast closely misses you.
You hit the ice beast but do no damage.
The ice beast is moderately wounded.
You hit the ice beast but do no damage.
The ice beast is moderately wounded.
The ice beast closely misses you.
You hit the ice beast.
The ice beast is heavily wounded.
The ice beast misses you.
You hit the ice beast but do no damage.
The ice beast is heavily wounded.
The ice beast hits you. The ice beast freezes you!
You hit the ice beast but do no damage.
The ice beast is heavily wounded.
You closely miss the ice beast.
The ice beast is heavily wounded.
The ice beast hits you. The ice beast freezes you!
You die...

#...........
#.####.##### #.#
## ##########.#
##.
#..#..........#
#..
##..#..#(#######
#.. #......#.#
#.. ##.##.##.###
#..
#..@........#
#..
##Y###.#.##.#
#.. #. .#.# #..
#. .#.# #.. #.
(#.# #.. ## ##
#.. .... #.### .
..


You could see an ice beast.

Vanquished Creatures
  Sigmund (D:2)
  An ogre (D:4)
  A scorpion (D:4)
  A jelly (D:5)
  A giant frog skeleton (D:4)
  Terence (D:3)
  2 worker ants (D:4)
  Natasha (thrice) (D:3)
  2 iguanas
  Robin (D:3)
  4 adders
  3 gnolls (D:5)
  4 oozes
  3 worms
  2 giant geckos
  6 orcs (D:3)
  5 giant cockroaches
  15 hobgoblins
  6 kobolds
  2 ball pythons (D:3)
  10 bats
  3 giant newts
  15 goblins
  10 rats
102 creatures vanquished.

Notes
Turn   | Place    | Note
--------------------------------------------------------------
     0 | D:1      | Heskey the Spriggan Assassin began the quest for the Orb.
     0 | D:1      | Reached XP level 1. HP: 10/10 MP: 2/2
   193 | D:1      | Reached skill level 6 in Stealth
   360 | D:1      | Reached XP level 2. HP: 15/15 MP: 3/3
   800 | D:2      | Noticed Sigmund
   850 | D:2      | Killed Sigmund
   850 | D:2      | Reached skill level 7 in Stealth
   850 | D:2      | Reached XP level 3. HP: 4/19 MP: 4/4
   850 | D:2      | Reached XP level 4. HP: 4/23 MP: 5/5
   850 | D:2      | Reached XP level 5. HP: 4/27 MP: 6/6
  1275 | D:2      | Found a faded altar to an unknown god.
  1365 | D:2      | Found an iron altar of Okawaru.
  1379 | D:2      | Became a worshipper of Warmaster Okawaru
  2208 | D:3      | Found a shadowy altar of Dithmenos.
  2208 | D:3      | Found a basalt altar of Yredelemnul.
  2209 | D:3      | Found a shattered altar of Ashenzari.
  2569 | D:3      | Noticed Natasha
  2576 | D:3      | Killed Natasha
  2581 | D:3      | Noticed Heskey's ghost (amateur MfGl)
  2598 | D:3      | Gained mutation: You expend magic power (3 MP) to strengthen your wands. [potion of mutation]
  2598 | D:3      | Gained mutation: You are frail (-10% HP). [potion of mutation]
  2598 | D:3      | Gained mutation: You are agile. (Dex +2) [potion of mutation]
  2601 | D:3      | Gained mutation: You occasionally shout uncontrollably at your foes. [potion of mutation]
  2601 | D:3      | Gained mutation: Your mind is acute. (Int +2) [potion of mutation]
  2601 | D:3      | Gained mutation: You are partially covered in slimy green scales (AC +2). [potion of mutation]
  2684 | D:3      | Noticed Robin
  2719 | D:3      | Reached XP level 6. HP: 28/28 MP: 7/7
  3431 | D:3      | Killed Robin
  3502 | D:3      | Noticed Natasha
  3510 | D:3      | Killed Natasha
  3517 | D:3      | Noticed Natasha
  3526 | D:3      | Killed Natasha
  3852 | D:3      | Found a sacrificial altar of Ru.
  3943 | D:3      | Noticed Terence
  3948 | D:3      | Killed Terence
  4130 | D:4      | Reached skill level 5 in Dodging
  4130 | D:4      | Reached skill level 8 in Stealth
  4466 | D:4      | Reached * piety under Okawaru
  4466 | D:4      | Reached XP level 7. HP: 32/32 MP: 8/8
  4761 | D:5      | Entered Level 5 of the Dungeon
  5981 | D:5      | Slain by an ice beast

Action                   |  1- 3 |  4- 6 |  7- 9 || total
-------------------------+-------+-------+-------++-------
Melee: Dagger            |    39 |   281 |    53 ||   373
 Fire: Blowgun           |     5 |     9 |     9 ||    23
  Use: Potion            |       |     6 |       ||     6
 Stab: Sleeping          |     6 |    17 |     3 ||    26
       Distracted        |     1 |     1 |       ||     2
  Eat: Fruit             |       |     1 |     1 ||     2
